AoeStats
← Ibrahomovic

Arabia

504570549Analyzed
1v1 RM · 27d ago on Sep 5, 2026· 27m 34s· 2 players
Game mode
Random Map
Map size
Tiny (2 player)
Population
200
Speed
Normal
Resources
Standard
Victory
Conquest
Starting age
Dark Age
Ending age
Imperial Age
RankedLock teamsTeams togetherTeam positionsShared explorationLock speedFull tech treeHidden civsTurbo modeCheats
Victory
Defeat
🇸🇪 Vikings · Sweden
1335
+14
🇦🇷 Georgians · Argentina
1294
-14
Ibrahomovic
8:10 Loom
10:12 Feudal Age
10:24 Man-at-Arms
15:02 Fletching
20:14 Castle Age
19:08 Scale Mail Armor
19:13 Horse Collar
21:03 Squires
20:24 Long Swordsman
21:19 Arson
21:46 Gold Mining
24:30 Chain Mail Armor
24:50 Gambesons
25:38 Double-Bit Axe
26:36 Bow Saw
chanchopeabila
7:31 Loom
10:15 Feudal Age
10:50 Double-Bit Axe
11:45 Horse Collar
16:04 Forging
21:43 Bloodlines
22:02 Fletching
22:12 Padded Archer Armor
26:55 Castle Age
27:07 Elite Skirmisher
Connection lost

Rejoining the realm…

Still unreachable

The connection could not be restored.

Session expired

The server has moved on; the page needs a fresh start.